 Dungeon Crawl Stone Soup version 0.26.1-2-gb8aa6d0cf2 (webtiles) character file.

Game seed: 4531176820342911337

280 FishyPogo the Conjurer (level 6, -4/32 HPs)
             Began as a Deep Elf Conjurer on Feb 24, 2021.
             Was an Initiate of Gozag.
             Splashed by a jelly's acid (8 damage)
             ... on level 4 of the Dungeon.
             The game lasted 00:16:35 (4217 turns).

FishyPogo the Conjurer (Deep Elf Conjurer)          Turns: 4217, Time: 00:16:37

Health: -4/32      AC: -1    Str: 10    XL:     6   Next: 5%
Magic:  2/16       EV: 13    Int: 25    God:    Gozag
Gold:   576        SH:  0    Dex: 13    Spells: 9/16 levels left

rFire    + . .     SeeInvis .   v - +0 short sword (elec)
rCold    x . .     Faith    .   (no shield)
rNeg     . . .     Spirit   .   a - +1 robe
rPois    .         Reflect  .   (no helmet)
rElec    .         Harm     .   (no cloak)
rCorr    .         Rampage  .   (no gloves)
Will     .....                  (no boots)
Stlth    ++........             o - amulet of the acrobat
HPRegen  0.10/turn              u - +6 ring of strength
MPRegen  0.15/turn              p - ring of fire

@: corroded, very slightly contaminated, slowed, very slow
A: no striking features
a: Renounce Religion, Potion Petition, Call Merchant, Bribe Branch


You were on level 4 of the Dungeon.
You worshipped Gozag.
Gozag was pleased with you.
You visited 1 branch of the dungeon, and saw 4 of its levels.

You collected 605 gold pieces.
You paid 29 gold pieces to Gozag.

Inventory:

Hand Weapons
 k - a +2 dagger of speed
 v - a +0 short sword of electrocution (weapon)
Missiles
 b - 7 javelins
 d - 21 poisoned darts
 f - 124 stones
 r - 5 boomerangs
Armour
 a - a +1 robe (worn)
Jewellery
 o - an amulet of the acrobat (around neck)
 p - a ring of fire (right hand)
 u - a +6 ring of strength (left hand)
Wands
 t - a wand of random effects (11)
Scrolls
 c - 2 scrolls of blinking
 i - 3 scrolls of identify
 l - 3 scrolls of enchant armour
 n - 4 scrolls of magic mapping
 s - 3 scrolls of enchant weapon
Potions
 e - 2 potions of flight {unknown}
 g - 2 potions of mutation {unknown}
 h - 3 potions of brilliance {unknown}
 j - a potion of degeneration {unknown}
 m - a potion of magic {unknown}
 q - a potion of cancellation {unknown}
 x - a potion of heal wounds {unknown}


   Skills:
 + Level 3.5 Dodging
 + Level 3.5 Stealth
 * Level 5.6 Spellcasting
 + Level 6.1 Conjurations


You had 9 spell levels left.
You knew the following spells:

 Your Spells              Type           Power        Failure   Level
a - Magic Dart            Conj           100%         1%          1
c - Searing Ray           Conj           74%          1%          2
l - Fulminant Prism       Conj/Hex       11%          22%         4

Your spell library contained the following spells:

 Spells                   Type           Power        Failure   Level
 Dazzling Flash           Conj/Hex       44%          7%          3
 Iskenderun's Mystic Bla  Conj/Tloc      22%          22%         4


Dungeon Overview and Level Annotations

Branches:
Dungeon (4/15)             Temple (0/1) D:4

Altars:
Gozag
Sif Muna


Message History

You hit the ooze.
The ooze is lightly wounded.
The ooze hits you but does no damage. The ooze closely misses you.
The jelly hits you.
You are splashed with acid.
The ooze completely misses you. The ooze hits you.
There is an open door here.
The jelly misses you.
You see here a +0 club.
You hit the jelly. The acid corrodes you!
Your hands burn!
The jelly is almost dead.
The jelly misses you.
You hit the jelly but do no damage.
Your hands burn!
The jelly is almost dead.
The jelly hits you.
You are splashed with acid!
* * * LOW HITPOINT WARNING * * *
The jelly hits you.
* * * LOW HITPOINT WARNING * * *
You are splashed with acid!
You die...
Your body crumbles into a pile of gold.

######## ##########.....÷#
#####......##JJ..÷..#****
#.##.......#@#......#*,,*
##.'........#.#.$..÷.#*,,*
####(.'...)....#.#÷.....#*,,*
#.##..'...)..#'#.#......#*,,*
......##)....#.#.#...÷.÷#*,>*
......###....#.#.#...÷..#****
.....)#########.##.....!#
..####.### ###******** ..#
#...# ###########


You could see a jelly and an ooze.

Vanquished Creatures
  Jessica (D:4)
  2 worker ants (D:4)
  8 adders
  6 oozes (D:4)
  A worm (D:2)
  A dart slug (D:1)
  A leopard gecko (D:2)
  12 orcs
  6 bats
  7 giant cockroaches
  7 goblins
  10 hobgoblins
  5 jackals
  15 kobolds
  A quokka (D:3)
  4 frilled lizards
  9 rats
96 creatures vanquished.

Vanquished Creatures (others)
  8 fulminant prisms
  4 fungi (D:4)
  11 toadstools (D:4)
23 creatures vanquished.

Grand Total: 119 creatures vanquished

Notes
Turn   | Place    | Note
-------+----------+-------------------------------------------
     0 | D:1      | FishyPogo the Deep Elf Conjurer began the quest for the
                  | Orb.
     0 | D:1      | Reached XP level 1. HP: 10/10 MP: 6/6
   134 | D:1      | Reached XP level 2. HP: 13/15 MP: 2/8
   137 | D:1      | Learned a level 2 spell: Searing Ray
   280 | D:1      | Reached skill level 5 in Conjurations
   583 | D:1      | Reached XP level 3. HP: 19/19 MP: 7/9
  1365 | D:2      | Found an opulent altar of Gozag.
  1371 | D:2      | Became a worshipper of Gozag Ym Sagoz the Greedy
  1839 | D:2      | Reached XP level 4. HP: 24/24 MP: 4/12
  2041 | D:2      | Learned a level 4 spell: Fulminant Prism
  3322 | D:4      | Reached XP level 5. HP: 27/28 MP: 9/14
  3403 | D:4      | Reached skill level 5 in Spellcasting
  3595 | D:4      | Noticed Jessica
  3602 | D:4      | Killed Jessica
  3637 | D:4      | Found a shimmering blue altar of Sif Muna.
  3725 | D:4      | Found a staircase to the Ecumenical Temple.
  3748 | D:4      | Reached skill level 6 in Conjurations
  4143 | D:4      | Reached XP level 6. HP: 32/32 MP: 1/16
  4217 | D:4      | Splashed by a jelly's acid

Illustrated notes

Levels and vault maps discovered:
D:1:      tarquinn_simple_flora_water_c, layout_loops_corners, st_stairs_6,
          minmay_hexomino_c4
D:2:      minmay_alternating_diamond, layout_loops_ring,
          nicolae_gozag_cash_rules_everything_around_me
D:3:      layout_basic, minivault_11
D:4:      cheibrodos_fertilizer, layout_rooms, tgw_sif, minmay_temple_entry_tees

Skill      XL: |  1  2  3  4  5 |
---------------+----------------+-----
Conjurations   | 5 6 |  6.1
Spellcasting   | 4 5 |  5.6
Stealth        | 3 |  3.5
Dodging        | 3 |  3.5

Action                   |  1- 3 |  4- 6 || total
-------------------------+-------+-------++-------
Melee: Unarmed           |     6 |       ||     6
       Dagger            |     1 |    26 ||    27
       Short sword       |       |     4 ||     4
 Cast: Magic Dart        |    63 |    75 ||   138
       Searing Ray       |     1 |     5 ||     6
       Fulminant Prism   |       |     8 ||     8
  Use: Scroll            |       |     7 ||     7
Armor: Robe              |     2 |     5 ||     7
Dodge: Dodged            |     7 |    20 ||    27
